 Dungeon Crawl Stone Soup version 0.30-b1-2-g02819fbbbe (webtiles) character file.

Game seed: 4107779633932644557

253610 Mesmaeker13 the Gelid (level 18, -7/130 (144) HPs)
             Began as a Demigod Ice Elementalist on July 10, 2023.
             Mangled by a +2 bardiche of freezing (29 damage)
             ... on level 2 of the Elven Halls on July 11, 2023.
             The game lasted 02:25:13 (53826 turns).

Mesmaeker13 the Gelid (Demigod Ice Elementalist)   Turns: 53826, Time: 02:25:14

HP:   -7/130 (144)  AC: 14    Str: 21    XL:     18   Next: 30%
MP:   37/50         EV: 12    Int: 43    God:
Gold: 3388          SH: 11    Dex:  9    Spells: 6/45 levels left

rFire   . . .        B - +1 rapier "Usaje" {flame, *Rage +Blink MP+9 Int+5}
rCold   . . .        k - +0 kite shield {reflect}
rNeg    + . .        K - +3 leather armour {Will+}
rPois   +            P - +1 hat
rElec   .            y - +2 cloak {rCorr}
rCorr   +            M - +0 pair of gloves
SInv    .            J - +0 pair of boots
Will    +++..        N - amulet "Ilucrulech" {Acrobat rPois rN+ Int+3 Dex-5}
Stlth   +            R - +6 ring of intelligence
HPRegen 0.41/turn    A - ring of willpower
MPRegen 0.32/turn

%: random rage (20%), reflection, acrobat
@: drained
A: high MP 1, forlorn, divine attributes
}: 2/15 runes: serpentine, barnacled
a: Evoke Blink


You were on level 2 of the Elven Halls.
You visited 6 branches of the dungeon, and saw 32 of its levels.
You also visited: Sewer.

You collected 3995 gold pieces.
You spent 607 gold pieces at shops.

Inventory:

Hand Weapons
 n - a +2 demon trident of freezing
 B - the +1 rapier "Usaje" (weapon) {flame, *Rage +Blink MP+9 Int+5}
   (You found it on level 4 of the Shoals)

   Int:       It affects your intelligence (+5).
   MP:        It affects your magic capacity (+9).
   +Blink:    It lets you blink.
   *Rage:     It berserks you when you make melee attacks (+20% chance).
 H - the +2 long sword of Joshruose {elec, Fragile Fly rElec rPois}
   (You found it on level 4 of the Shoals)

   rElec:     It insulates you from electricity.
   rPois:     It protects you from poison.
   Fly:       It grants you flight.
   Fragile:   It will be destroyed if unequipped.
Missiles
 q - 3 throwing nets
 U - 12 curare-tipped darts (quivered)
Armour
 k - a +0 kite shield of reflection (worn)
 r - the +2 robe of Powerful Lucidity {rElec}
   (You found it on level 3 of the Shoals)

   rElec:     It insulates you from electricity.
 y - a +2 cloak of preservation (worn)
 J - a +0 pair of boots (worn)
 K - a +3 leather armour of willpower (worn)
 M - a +0 pair of gloves (worn)
 O - a +2 scale mail of fire resistance
 P - a +1 hat (worn)
 Q - the +4 scale mail of the Monkey {Harm rC+ Regen+}
   (You took it off a skeletal warrior on level 13 of the Dungeon)

   rC:        It protects you from cold.
   Regen:     It increases your rate of health regeneration.
   Harm:      It increases damage dealt and taken.
Magical Staves
 h - a staff of conjuration
Jewellery
 c - a ring of ice
 x - an amulet of guardian spirit
 A - a ring of willpower (right hand)
 L - an amulet of magic regeneration
 N - the amulet "Ilucrulech" (around neck) {Acrobat rPois rN+ Int+3 Dex-5}
   (You found it on level 2 of the Lair of Beasts)

   [amulet of the acrobat]

   It increases your evasion while moving and waiting.
   Int:       It affects your intelligence (+3).
   Dex:       It affects your dexterity (-5).
   rPois:     It protects you from poison.
   rN:        It protects you from negative energy.
 R - a +6 ring of intelligence (left hand)
 Z - a +6 ring of strength
Wands
 a - a wand of iceblast (23)
 I - a wand of light (1)
 X - a wand of polymorph (3)
Scrolls
 d - 6 scrolls of noise
 g - a scroll of summoning
 i - 12 scrolls of teleportation
 m - 5 scrolls of fog
 v - 2 scrolls of torment
 w - 7 scrolls of blinking
 C - 9 scrolls of identify
 D - 7 scrolls of magic mapping
 E - 8 scrolls of poison
 T - 2 scrolls of amnesia
 Y - a scroll of enchant weapon
Potions
 b - 4 potions of magic
 e - 3 potions of might
 f - 6 potions of lignification
 j - 3 potions of flight
 l - 5 potions of curing
 o - 7 potions of resistance
 p - 4 potions of berserk rage
 s - 5 potions of heal wounds
 u - 12 potions of attraction
 z - 3 potions of mutation
 F - 4 potions of haste
 G - 3 potions of invisibility
 S - 6 potions of cancellation
 W - 3 potions of brilliance


   Skills:
 - Level 8.7 Fighting
 - Level 9.0 Armour
 - Level 5.1 Dodging
 - Level 1.7 Stealth
 + Level 13.1 Shields
 - Level 14.3 Spellcasting
 - Level 5.0 Conjurations
 * Level 14.3 Summonings
 + Level 17.0 Ice Magic


You had 6 spell levels left.
You knew the following spells:

 Your Spells              Type           Power      Damage    Failure   Level
a - Hailstorm             Conj/Ice       90%        3d18      1%          3
b - Summon Mana Viper     Hex/Summ       75%        N/A       2%          5
c - Summon Ice Beast      Ice/Summ       100%       N/A       1%          4
d - Ozocubu's Armour      Ice            100%       N/A       0%          3
e - Call Canine Familiar  Summ           100%       N/A       0%          3
f - Ozocubu's Refrigerat  Ice            54%        4d19      1%          7
g - Summon Hydra          Summ           50%        N/A       4%          7
h - Monstrous Menagerie   Summ           50%        N/A       4%          7

Your spell library contained the following spells:

 Spells                   Type           Power      Damage    Failure   Level
 Freeze                   Ice            100%       1d10      0%          1
 Summon Small Mammal      Summ           100%       N/A       0%          1
 Call Imp                 Summ           100%       N/A       0%          2
 Frozen Ramparts          Ice            100%       1d16      0%          3
 Magic Dart               Conj           100%       1d8       1%          1
 Momentum Strike          Conj/Tloc      100%       3d10      1%          2
 Dazzling Flash           Conj/Hex       100%       N/A       1%          3
 Summon Guardian Golem    Hex/Summ       75%        N/A       1%          3
 Ice Form                 Ice/Tmut       81%        N/A       1%          4
 Blink                    Tloc           60%        N/A       2%          2
 Lesser Beckoning         Tloc           60%        N/A       2%          2
 Sublimation of Blood     Necr           30%        N/A       2%          2
 Wereblood                Tmut           30%        N/A       2%          2
 Mephitic Cloud           Conj/Pois/Air  45%        N/A       2%          3
 Portal Projectile        Hex/Tloc       60%        N/A       5%          3
 Vhi's Electric Charge    Tloc/Air       60%        N/A       5%          3
 Iskenderun's Battlesphe  Conj           65%        2d11      6%          5
 Arcjolt                  Conj/Air       25%        1d35      17%         5
 Fireball                 Conj/Fire      25%        3d11      17%         5
 Irradiate                Conj/Tmut      25%        3d20      17%         5
 Anguish                  Hex/Necr       15%        N/A       19%         4
 Animate Dead             Necr           30%        N/A       19%         4
 Cause Fear               Hex            15%        N/A       19%         4
 Leda's Liquefaction      Hex/Erth       15%        N/A       19%         4
 Passage of Golubria      Tloc           30%        N/A       19%         4
 Petrify                  Tmut/Erth      30%        N/A       19%         4
 Agony                    Necr           30%        N/A       45%         5
 Silence                  Hex/Air        15%        N/A       45%         5
 Conjure Ball Lightning   Conj/Air       25%        3x3d7     67%         6
 Plasma Beam              Fire/Air       15%        2x1d29    95%         6
 Haunt                    Necr/Summ      37%        N/A       61%         7
 Orb of Destruction       Conj           32%        9d10      88%         7
 Dragon's Call            Summ           50%        N/A       99%         9
 Dragon Form              Tmut           15%        N/A       100%        7
 Enfeeble                 Hex            15%        N/A       100%        7
 Infestation              Necr           15%        N/A       100%        8
 Lehudib's Crystal Spear  Conj/Erth      25%        10d7      100%        8


Dungeon Overview and Level Annotations

Branches:
Dungeon (15/15)            Temple (0/1) D:6            Lair (5/5) D:8
 Shoals (4/4) Lair:2        Snake (4/4) Lair:3          Orc (2/2) D:12
    Elf (2/3) Orc:2        Vaults (0/5) D:14         Depths (0/4) D:15
  Sewer (visited)
  Slime: Lair:4-5

Shops:
D:5 !   D:15 (   Orc:2 =[(!   Snake:2 ((?=[   Snake:4 (

Annotations:
D:5 2 runed translucent doors, NimIero's ghost, amateur DECj
D:8 6 exclusions
D:10 4 runed translucent doors
Lair:5 1 runed translucent door, exclusion: oklob plant, Vruhak's ghost, journeyman FoFi
Snake:2 1 runed translucent door, Vorhees's ghost, adept GnHu
Snake:4 7 exclusions
Orc:1 Termiter's ghost, journeyman DsNe


Innate Abilities, Weirdness & Mutations

You have an increased reservoir of magic. (+10% MP)
You shall have no god before yourself.
Your divine heritage dramatically boosts your attributes as you level up.


Message History

Casting: Summon Hydra (dangerous; 4% risk of failure)
Confirm with . or Enter, or press ? or * to list all spells.
A four-headed hydra appears.
The +1 quick blade of flaming hits you but does no damage.
You block the +1 quick blade of flaming's attack.
Unknown command.
Casting: Summon Hydra (dangerous; 4% risk of failure)
Confirm with . or Enter, or press ? or * to list all spells.
Casting: Hailstorm (safe; 1% risk of failure)
Press: ? - help, Dir - look around, f - activate
Okay, then.
The +1 quick blade of flaming attacks as you move away!
The +1 quick blade of flaming hits you.
The +1 quick blade of flaming burns you.
The +1 quick blade of flaming closely misses you.
Your four-headed hydra closely misses the +1 quick blade of flaming.
Your four-headed hydra misses the +1 quick blade of flaming.
Your four-headed hydra bites the +1 quick blade of flaming. x2
You completely miss the +1 quick blade of flaming.
The +1 quick blade of flaming is heavily damaged.
The +1 quick blade of flaming barely misses you.
You block the +1 quick blade of flaming's attack.
Your four-headed hydra completely misses the +1 quick blade of flaming.
Your four-headed hydra bites the +1 quick blade of flaming!
Your four-headed hydra barely misses the +1 quick blade of flaming.
Your four-headed hydra misses the +1 quick blade of flaming.
The +1 quick blade of flaming hits you but does no damage.
You barely miss the +1 quick blade of flaming.
The +1 quick blade of flaming is almost destroyed.
You block the +1 quick blade of flaming's attack.
A deep elf zephyrmancer comes into view.
It is wielding a +0 short sword.
The +1 quick blade of flaming hits you but does no damage.
The +2 bardiche of freezing hits you from afar!!
* * * LOW HITPOINT WARNING * * *
The +2 bardiche of freezing freezes you!
* * * LOW HITPOINT WARNING * * *
Your four-headed hydra bites the +1 quick blade of flaming!
The +1 quick blade of flaming falls from the air.
The +2 bardiche of freezing hits you from afar!!
You die...

......................#
#...
.....................##
##..
....).......###.....##
##. .........).##
##...## ## .........###
##### #
.......')#######
.......))(.....##
.§....##)e...⌠..##
...... #.))@.....##
..... #.D........##
....# #...........##
.... #.⌠..).......# ...
#.)..........###
##..........⌠#.#
##..........#.#
##.........#)#
##....).))#.#


You could see a deep elf zephyrmancer, a +2 bardiche of freezing and a friendly
four-headed hydra (summoned).

Vanquished Creatures
  9 nagarajas (Snake:4)
  A deep elf annihilator (Elf:2)
  Nessos (Lair:4)
  A deep elf demonologist (Elf:1)
  A merfolk javelineer (Shoals:4)
  A merfolk impaler (Shoals:4)
  A deep elf high priest (Elf:1)
  A salamander tyrant (Snake:4)
  9 anacondas
  3 hydras
  5 death yaks
  4 boulder beetles
  A dancing weapon (Elf:2)
  6 two-headed ogres
  An alligator snapping turtle (Shoals:4)
  A merfolk aquamancer (Shoals:4)
  6 centaur warriors
  6 naga warriors
  4 satyrs (Shoals:3)
  A tengu warrior (D:13)
  7 deep elf knights
  3 naga sharpshooters
  2 shock serpents (Snake:2)
  Sonja (D:13)
  2 salamander mystics
  4 skysharks
  Lodul (D:14)
  3 sea snakes
  5 naga ritualists
  A deep elf archer (Elf:1)
  An orc knight (Orc:2)
  13 deep elf zephyrmancers
  6 mana vipers
  A lindwurm (shapeshifter) (Elf:1)
  6 nameless horrors
  A wizard (D:14)
  16 harpies
  A wolf spider zombie (D:13)
  6 orc sorcerers
  A wolf spider (D:15)
  9 fauns
  17 deep elf pyromancers
  A necromancer (D:15)
  A cyclops (Shoals:3)
  4 salamanders
  5 ugly things
  6 manticores
  2 guardian serpents (Snake:4)
  A demonic crawler (Elf:2)
  17 black mambas
  6 merfolk sirens
  An elephant (Lair:5)
  9 naga magi
  2 water nymphs (Shoals:2)
  A torpor snail (Lair:2)
  6 cane toads
  3 centaur zombies (D:13)
  2 kobold demonologists
  2 rime drakes
  An efreet (D:14)
  4 komodo dragons
  A tengu conjurer (D:13)
  3 polar bears (Lair:5)
  14 merfolk
  A troll (D:11)
  A meliai (D:13)
  5 wind drakes
  3 hornets (Lair:5)
  3 blink frogs
  7 snapping turtles
  A harpy skeleton (D:15)
  A dream sheep (Lair:5)
  A meliai zombie (D:13)
  7 slime creatures
  8 spriggans (Lair:5)
  A centaur simulacrum (D:14)
  5 water elementals
  35 yaks
  A fire elemental (Elf:2)
  2 basilisks
  A steam dragon (D:8)
  19 nagas
  A swamp worm (Lair:2)
  Edmund (D:5)
  3 water moccasins
  3 acid dragons
  10 orc warriors
  A hornet zombie (D:15)
  12 ogres
  2 black bears
  4 sky beasts
  15 wolves
  2 boggarts
  7 centaurs
  2 phantoms (D:6)
  5 kobold brigands
  6 bullfrogs
  2 jellies (D:5)
  10 wights
  6 killer bees
  7 howler monkeys
  3 electric eels (Lair:2)
  A lava snake (D:8)
  2 gnoll boudas
  8 orc priests
  4 hounds
  Crazy Yiuf (D:7)
  Jessica (D:3)
  A boggart zombie (D:13)
  Ijyb (D:5)
  Terence (D:3)
  An iguana (D:6)
  2 sleepcaps
  19 orc wizards
  Robin (D:3)
  7 gnolls
  13 adders
  A shadow imp (D:6)
  3 ufetubi (D:6)
  3 worms
  2 dart slugs
  44 orcs
  7 giant cockroaches
  11 goblins
  10 hobgoblins
  17 jackals
  10 kobolds
  5 quokkas
  20 ball pythons
  3 bats
  3 frilled lizards
  22 rats
690 creatures vanquished.

Vanquished Creatures (collateral kills)
  A kraken (Shoals:4)
  6 nagarajas
  Louise (Elf:1)
  A deep elf demonologist (Elf:1)
  A merfolk javelineer (Shoals:4)
  3 merfolk impalers (Shoals:4)
  A deep elf high priest (Elf:2)
  A rakshasa (D:14)
  A catoblepas (D:14)
  5 boulder beetles
  An anaconda (Snake:3)
  4 merfolk aquamancers
  2 ogre magi
  A merfolk avatar (Shoals:4)
  A centaur warrior (D:15)
  A death knight (D:13)
  6 naga warriors
  4 two-headed ogres
  19 dancing weapons
  5 death yaks
  A satyr (Shoals:3)
  3 nameless horrors
  5 naga sharpshooters
  2 orc high priests (Orc:2)
  2 deep elf knights (Elf:1)
  A salamander mystic (Snake:3)
  3 skysharks
  9 sea snakes
  7 skeletal warriors
  2 naga ritualists
  2 deep elf archers (Elf:1)
  A wizard (D:15)
  6 deep elf zephyrmancers
  4 mana vipers
  8 harpies
  A wolf spider zombie (D:13)
  11 manticores
  An ugly thing (D:15)
  5 cyclopes
  An orc sorcerer (D:15)
  6 fauns
  A salamander (Snake:3)
  8 deep elf pyromancers
  2 guardian serpents (Snake:4)
  12 elephants
  A centaur zombie (D:15)
  2 water nymphs (Shoals:3)
  5 merfolk sirens
  A naga mage (Snake:4)
  An ice statue (D:14)
  Joseph (D:7)
  A demonic crawler (Elf:2)
  14 black mambas
  A cane toad (Lair:5)
  A torpor snail (Lair:5)
  A gargoyle (D:14)
  3 centaur skeletons (D:14)
  4 rime drakes
  2 unseen horrors (D:11)
  3 komodo dragons
  3 freezing wraiths
  7 trolls
  2 meliai (D:13)
  8 wind drakes
  9 merfolk
  4 hornets
  2 polar bears (Lair:5)
  5 blink frogs
  2 dream sheep (Shoals:3)
  6 snapping turtles
  2 air elementals (Elf:1)
  7 shadows
  A meliai zombie (D:13)
  12 slime creatures
  7 spriggans (Lair:5)
  A wyvern (Lair:4)
  A fire elemental (Elf:2)
  4 basilisks
  2 wraiths
  10 water elementals
  23 yaks
  A steam dragon (D:8)
  5 vampire mosquitoes
  Menkaure (D:4)
  A warg (Orc:2)
  15 nagas
  A swamp worm (Lair:2)
  9 water moccasins
  10 orc warriors
  A hornet zombie (D:13)
  2 black bears (Lair:5)
  7 ogres
  2 boggarts (Lair:5)
  15 wolves
  6 centaurs
  A phantom (D:4)
  5 bullfrogs
  A kobold brigand (D:14)
  4 earth elementals
  A gnoll sergeant (D:11)
  12 wights
  An electric eel (Lair:2)
  6 orc priests
  2 iguanas (D:6)
  10 orc wizards
  A boggart skeleton (D:14)
  A boggart simulacrum (D:15)
  A river rat (Sewer)
  6 adders
  A white imp (D:7)
  An ufetubus (D:6)
  14 orcs
  6 ball pythons (Sewer)
  A kobold (D:4)
  A frilled lizard (Sewer)
  7 rats (Sewer)
  3 tentacles (Shoals:4)
490 creatures vanquished.

Vanquished Creatures (others)
  A shadow imp (D:8)
  39 fungi
  188 plants
  A spectral weapon (Orc:1)
  9 tentacles (Shoals:4)
  15 withered plants (D:13)
253 creatures vanquished.

Grand Total: 1433 creatures vanquished

Notes
Turn   | Place    | Note
-------+----------+-------------------------------------------
     0 | D:1      | Mesmaeker13 the Demigod Ice Elementalist began the quest
                  | for the Orb.
     0 | D:1      | Reached XP level 1. HP: 14/14 MP: 5/5
   228 | D:1      | Reached XP level 2. HP: 20/20 MP: 5/7
   999 | D:2      | Reached skill level 4 in Ice Magic
   999 | D:2      | Reached XP level 3. HP: 26/26 MP: 5/9
  1003 | D:2      | Learned a level 3 spell: Frozen Ramparts
  1834 | D:3      | Noticed Robin
  1843 | D:2      | Reached XP level 4. HP: 33/33 MP: 4/10
  1908 | D:3      | Noticed Terence
  1916 | D:3      | Killed Terence
  2181 | D:3      | Noticed Jessica
  2519 | D:3      | Killed Robin
  2525 | D:3      | Killed Jessica
  2526 | D:3      | Reached XP level 5. HP: 26/38 MP: 3/12
  2953 | D:3      | Learned a level 4 spell: Summon Ice Beast
  3028 | D:4      | Reached skill level 1 in Armour
  3184 | D:4      | Noticed Menkaure
  3243 | D:5      | Entered Level 5 of the Dungeon
  3362 | D:4      | Reached skill level 1 in Summonings
  3362 | D:4      | Reached XP level 6. HP: 45/45 MP: 10/14
  3502 | D:4      | Reached skill level 5 in Ice Magic
  3686 | D:5      | Learned a level 3 spell: Ozocubu's Armour
  3998 | D:5      | Noticed Ijyb
  4009 | D:5      | Killed Ijyb
  4085 | D:5      | Found a large runed translucent door.
  4085 | D:5      | Found a large runed translucent door.
  4089 | D:5      | Noticed NimIero's ghost (amateur DECj)
  4207 | D:5      | Found Vior's Distillery.
  4234 | D:5      | Noticed Edmund
  4250 | D:5      | Killed Edmund
  4251 | D:5      | Reached XP level 7. HP: 50/50 MP: 11/16
  5037 | D:6      | Found a glowing drain.
  5092 | Sewer    | Entered a sewer
  5715 | Sewer    | Reached XP level 8. HP: 47/57 MP: 4/18
  5944 | D:6      | Reached skill level 6 in Ice Magic
  6041 | D:6      | Identified the +3 whip of Peaneeff {spect, Str-3 Int+3
                  | Dex+2}
  6091 | D:6      | Found a staircase to the Ecumenical Temple.
  6302 | D:6      | Reached skill level 5 in Spellcasting
  7015 | D:7      | Noticed Joseph
  7023 | D:7      | Killed Joseph
  7144 | D:7      | Reached XP level 9. HP: 62/62 MP: 14/21
  7192 | D:7      | Reached skill level 7 in Ice Magic
  7219 | D:7      | Reached skill level 5 in Summonings
  7732 | D:7      | Reached skill level 5 in Dodging
  8014 | D:7      | Found a runed translucent door.
  8015 | D:7      | Noticed Crazy Yiuf
  8020 | D:7      | Killed Crazy Yiuf
  8163 | D:8      | Noticed a death yak
  8230 | D:8      | Noticed a death yak
  8265 | D:8      | Reached skill level 1 in Shields
  8670 | D:4      | Killed Menkaure
  9587 | D:8      | Reached XP level 10. HP: 57/69 MP: 3/24
  9720 | D:8      | Reached skill level 8 in Ice Magic
  9764 | D:8      | Found a staircase to the Lair.
  9764 | D:8      | Noticed a death yak
  9805 | D:9      | Noticed a manticore
  9828 | D:9      | Killed a manticore
 10014 | D:9      | Learned a level 3 spell: Call Canine Familiar
 10926 | D:10     | Entered Level 10 of the Dungeon
 10941 | D:10     | Noticed a deep elf pyromancer
 10942 | D:10     | Found a large runed translucent door.
 10942 | D:10     | Noticed a centaur warrior
 10943 | D:10     | Found a large runed translucent door.
 10947 | D:10     | Found a large runed translucent door.
 10947 | D:10     | Found a large runed translucent door.
 10965 | D:10     | Noticed a two-headed ogre
 10973 | D:10     | Killed a two-headed ogre
 11071 | D:10     | Noticed a centaur warrior
 11072 | D:10     | Noticed a cyclops
 11075 | D:10     | Noticed a skeletal warrior
 11078 | D:10     | Killed a centaur warrior
 11100 | D:10     | Killed a cyclops
 11348 | D:8      | Killed a death yak
 11349 | D:8      | Reached skill level 9 in Ice Magic
 11462 | D:8      | Reached XP level 11. HP: 74/74 MP: 19/26
 11475 | D:8      | Killed a death yak
 11476 | D:8      | Reached skill level 5 in Shields
 11480 | D:8      | Killed a death yak
 11745 | Lair:1   | Entered Level 1 of the Lair of Beasts
 12123 | Lair:1   | Noticed a boulder beetle
 12146 | Lair:1   | Killed a boulder beetle
 12623 | Lair:1   | Noticed a skyshark
 12632 | Lair:1   | Killed a skyshark
 12970 | Lair:2   | Noticed a death yak
 12970 | Lair:2   | Noticed a death yak
 12996 | Lair:2   | Killed a death yak
 13011 | Lair:2   | Reached skill level 10 in Ice Magic
 13201 | Lair:2   | Noticed a skyshark
 13210 | Lair:2   | Killed a skyshark
 13611 | Lair:2   | Reached XP level 12. HP: 69/81 MP: 16/29
 14099 | Lair:2   | Identified the amulet "Ilucrulech" {Acrobat rPois rN+ Int+3
                  | Dex-5}
 14112 | Lair:2   | Identified the +3 scale mail of Dumu {Rampage +Inv Str+3}
 14718 | Lair:2   | Found a staircase to the Shoals.
 14995 | Lair:3   | Found a staircase to the Snake Pit.
 15201 | Lair:2   | Reached skill level 1 in Fighting
 15261 | Lair:3   | Found a frozen archway.
 16286 | Lair:4   | Noticed a boulder beetle
 16394 | Lair:4   | Killed a boulder beetle
 16395 | Lair:4   | Reached skill level 11 in Ice Magic
 16601 | Lair:4   | Reached skill level 10 in Summonings
 17192 | Lair:4   | Reached skill level 10 in Spellcasting
 17376 | Lair:4   | Noticed Nessos
 17385 | Lair:4   | Killed Nessos
 17775 | Lair:5   | Entered Level 5 of the Lair of Beasts
 17822 | Lair:5   | Reached XP level 13. HP: 73/96 MP: 29/31
 18380 | Lair:5   | Reached skill level 5 in Fighting
 18836 | Lair:5   | Found a runed translucent door.
 19204 | Lair:5   | Reached skill level 12 in Ice Magic
 20580 | Lair:5   | Noticed Vruhak's ghost (journeyman FoFi)
 23134 | D:11     | Reached XP level 14. HP: 69/113 MP: 13/34
 24032 | D:12     | Found a staircase to the Orcish Mines.
 25213 | D:12     | Learned a level 7 spell: Ozocubu's Refrigeration
 25215 | Orc:1    | Entered Level 1 of the Orcish Mines
 25334 | Orc:1    | Found a runed translucent door.
 25341 | Orc:1    | Reached skill level 5 in Armour
 25341 | Orc:1    | Reached skill level 13 in Ice Magic
 25362 | Orc:1    | Noticed Termiter's ghost (journeyman DsNe)
 25761 | Orc:2    | Entered Level 2 of the Orcish Mines
 26601 | Orc:2    | Found Ukharol's Antique Armour Emporium.
 26601 | Orc:2    | Found Hiodety's Distillery.
 26602 | Orc:2    | Found Boub's Antique Weapon Shoppe.
 26606 | Orc:2    | Found Fepaotad's Jewellery Emporium.
 26730 | Orc:2    | Found a staircase to the Elven Halls.
 27198 | Snake:1  | Entered Level 1 of the Snake Pit
 27468 | Snake:1  | You fall into a shaft and drop 1 floor!
 27468 | Snake:2  | Found Newifus's Weapon Shoppe.
 27468 | Snake:2  | Found Anoffuce's Weapon Shop.
 29127 | Snake:2  | Reached XP level 15. HP: 117/123 MP: 14/36
 29352 | Snake:2  | Noticed Vorhees's ghost (adept GnHu)
 29352 | Snake:2  | Noticed a nagaraja
 29352 | Snake:2  | Found a runed translucent door.
 29367 | Snake:2  | Killed a nagaraja
 29631 | Snake:2  | Noticed a nagaraja
 29644 | Snake:2  | Killed a nagaraja
 29807 | Snake:2  | Found Kin Atux's Magic Scroll Boutique.
 29807 | Snake:2  | Found Jejefun's Jewellery Shop.
 29811 | Snake:2  | Found Huwuisku's Armour Boutique.
 31312 | Orc:1    | HP: 2/123 [+0 war axe of chaos (10)]
 31316 | Orc:1    | Reached skill level 14 in Ice Magic
 33185 | Snake:4  | Entered Level 4 of the Snake Pit
 33322 | Snake:4  | Found Nunof's Weapon Shoppe.
 34147 | Snake:4  | Noticed a nagaraja
 34183 | Snake:4  | Killed a nagaraja
 34200 | Snake:4  | Noticed a nagaraja
 34210 | Snake:4  | Killed a nagaraja
 34379 | Snake:4  | Noticed a nagaraja
 34404 | Snake:4  | Killed a nagaraja
 34661 | Snake:4  | Noticed a nagaraja
 34661 | Snake:4  | Noticed a nagaraja
 34686 | Snake:4  | Killed a nagaraja
 34686 | Snake:4  | Killed a nagaraja
 34887 | Snake:4  | Noticed a nagaraja
 34917 | Snake:4  | Killed a nagaraja
 35223 | Snake:4  | Noticed a nagaraja
 35252 | Snake:4  | Killed a nagaraja
 35368 | Snake:4  | Noticed a nagaraja
 35390 | Snake:4  | Killed a nagaraja
 35589 | Snake:4  | Noticed a nagaraja
 35600 | Snake:4  | Killed a nagaraja
 35673 | Snake:4  | Got a serpentine rune of Zot
 35768 | Snake:4  | Noticed a nagaraja
 35786 | Snake:4  | Killed a nagaraja
 36116 | Snake:4  | Noticed a nagaraja
 36402 | Snake:4  | Killed a nagaraja
 36724 | Snake:4  | Noticed a nagaraja
 36772 | Snake:4  | Killed a nagaraja
 36873 | Snake:4  | Reached XP level 16. HP: 123/129 MP: 29/38
 37593 | Shoals:1 | Entered Level 1 of the Shoals
 38411 | Shoals:1 | Reached skill level 10 in Shields
 38411 | Shoals:1 | Reached skill level 15 in Ice Magic
 39263 | Shoals:2 | Learned a level 7 spell: Summon Hydra
 40478 | Shoals:3 | Identified the +2 robe of Powerful Lucidity {rElec}
 40773 | Shoals:3 | Identified the +1 plate armour of Bedevilment {Rampage}
 41613 | Shoals:4 | Entered Level 4 of the Shoals
 42077 | Shoals:4 | Identified the +1 rapier "Usaje" {flame, *Rage +Blink MP+9
                  | Int+5}
 43139 | Shoals:4 | Identified the +2 long sword of Joshruose {elec, Fragile
                  | Fly rElec rPois}
 43187 | Shoals:4 | Reached XP level 17. HP: 71/136 MP: 40/40
 43588 | Shoals:4 | Learned a level 7 spell: Monstrous Menagerie
 43962 | Shoals:4 | Got a barnacled rune of Zot
 44853 | D:13     | Identified the +4 scale mail of the Monkey {Harm rC+
                  | Regen+}
 44872 | D:13     | Reached skill level 16 in Ice Magic
 45822 | D:13     | Noticed Sonja
 45825 | D:13     | Killed Sonja
 46261 | Lair:1   | Learned a level 3 spell: Hailstorm
 46622 | D:14     | Noticed Lodul
 46625 | D:14     | Killed Lodul
 46736 | D:14     | Reached skill level 1 in Conjurations
 46984 | D:14     | Found a gate to the Vaults.
 48142 | D:15     | Entered Level 15 of the Dungeon
 48216 | D:15     | Found a staircase to the Depths.
 48403 | D:15     | Found Foby's Weapon Shop.
 49800 | Orc:2    | Bought the ring of Meineoz {Fire Str+4 Dex+3} for 607 gold
                  | pieces
 49833 | Elf:1    | Entered Level 1 of the Elven Halls
 50413 | Elf:1    | Paralysed by an air elemental for 1 turns
 50424 | Elf:1    | Paralysed by an air elemental for 1 turns
 50776 | Elf:1    | Learned a level 5 spell: Summon Mana Viper
 50783 | Elf:1    | Paralysed by an air elemental for 1 turns
 50786 | Elf:1    | Paralysed by an air elemental for 1 turns
 51453 | Elf:1    | Reached XP level 18. HP: 106/144 MP: 41/41
 51677 | Elf:1    | Noticed Louise
 51696 | Elf:1    | Killed Louise
 52121 | Elf:1    | Reached skill level 5 in Conjurations
 53066 | Elf:2    | Found a runed translucent gate.
 53067 | Elf:2    | Found a runed translucent gate.
 53067 | Elf:2    | Found a runed translucent gate.
 53111 | Elf:2    | Identified the +2 war axe of Reasonable Valour {holy, Int+3
                  | Dex+3}
 53140 | Elf:2    | Reached skill level 17 in Ice Magic
 53419 | Elf:2    | Identified the +1 shortbow of Dithmenos's Whim {elec, rElec
                  | Int+5}
 53826 | Elf:2    | Mangled by a +2 bardiche of freezing

Illustrated notes

Levels and vault maps discovered:
D:1:      lightli_arrival_boilingwater, layout_basic
D:2:      layout_loops_cross, minivault_11, chequers_serial_rivers_room_b
D:3:      layout_basic, kennysheep_doodads, minmay_shallow_snake_nest,
          uniq_robin, uniq_jessica, uniq_terence
D:4:      layout_rooms, mainiacjoe_overflow_cross_hatched,
          minmay_misc_feat_rugged, uniq_menkaure
D:5:      layout_gridville, lemuel_crystal_altar, nicolae_gozag_seed_capital,
          ebering_ghost_disaster_area, serial_shops,
          nicolae_shop_industrial_runoff, abandoned_shop, serial_bayou_lagoon_a,
          abandoned_shop, hangedman_abyss_or_decor_slice, uniq_edmund, uniq_ijyb
D:6:      layout_basic, minmay_temple_entry_mist, portal_sewer_entry_f
D:7:      layout_loops_ring, mainiacjoe_overflow_concentric_impassable,
          uniq_crazy_yiuf_cottage, uniq_joseph
D:8:      layout_loops_ring, dpeg_lair_monsters, kennysheep_another_room
D:9:      layout_basic, trog_book, feat_on_display
D:10:     layout_irregular_city, grunt_dithmenos_smoke_and_mirrors,
          gammafunk_temple_overflow_wave, minmay_hollow_rounded_squares
D:11:     wad_guarded_room, layout_basic
D:12:     layout_gridville, david_orc_4
D:13:     layout_loops_ring, serial_undead, serial_undead_b, serial_undead_a,
          serial_undead_e, serial_undead_c, serial_undead_f, serial_undead_f,
          uniq_sonja
D:14:     layout_stronghold, hangedman_vaults_entry_quadrant_bands,
          chequers_serial_rivers_micro_a, minivault_16, uniq_lodul
D:15:     grunt_enter_depths_magical_seal, layout_rooms, serial_shops,
          nicolae_shop_advertising_works [nicolae_subvault_shop_adworks],
          serial_co_window_serial, co_window_corner_a, co_window_paths_a,
          co_window_corner_a, co_window_paths_b, co_window_of_opportunity_a,
          co_window_broadway_c, co_window_corner_cb, co_window_corner_b,
          co_window_sun, co_window_4corner_b, glass_columns_b, glass_columns_a,
          glass_columns_a, glass_columns_b
Lair:1:   minmay_lair_venomous_thicket, layout_gridlike, gauntlet_entry_generic,
          serial_bayou_shore_b, grunt_megastairs_4
Lair:2:   layout_small_grid, minmay_shoals_entry_beasts,
          chequers_serial_rivers_micro_e, nicolae_quartered_pool_little,
          worms_lemuel, serial_bayou_shore_a
Lair:3:   layout_small_grid, guppyfry_snake_entry_island, portal_ice_cave_rime,
          basic_altar, serial_bayou_shore_b
Lair:4:   layout_big_grid, wad_woods_06, grunt_megastairs_3, uniq_nessos
Lair:5:   minmay_lair_end_enchanted_forest, layout_regular_city,
          minmay_slime_entry_oklob_enclosed, ebering_ghost_reflecting_pool
Shoals:1: layout_shoals
Shoals:2: layout_shoals
Shoals:3: layout_shoals
Shoals:4: shoals_end_grunt_ice, layout_shoals
Snake:1:  layout_onion, grunt_ministairs_7
Snake:2:  layout_cave_shapes, serial_shops, shop, shop,
          hellmonk_ghost_happy_afterlife, minmay_shop_star
Snake:3:  layout_layer_cave
Snake:4:  grunt_snake_rune_spirals, layout_onion, serial_shops, shop,
          basic_altar, grunt_ministairs_5
Orc:1:    layout_diamond_mine, ebering_ghost_xom
Orc:2:    st_orc_mages, layout_caves
Elf:1:    eino_elf_arrival_altar, layout_rooms, hangedman_elf_represent,
          lemuel_upstairs_altar, uniq_louise
Elf:2:    nicolae_elf_blades_crystal_corner, layout_gridlike,
          einodemon_crawler_minivault

Skill      XL: |  1  2  3  4  5  6  7  8  9 10 11 12 13 14 15 16 17 18 |
---------------+-------------------------------------------------------+-----
Dodging        | 2 3 4 5 |  5.1
Spellcasting   | 2 3 4 5 6 7 9 10 11 12 13 14 | 14.3
Ice Magic      | 4 5 6 7 9 10 11 12 13 14 15 16 17 | 17.0
Armour         | 1 2 3 4 6 9 |  9.0
Summonings     | 1 2 3 4 6 7 9 10 11 12 13 14 | 14.3
Shields        | 2 4 6 7 9 11 12 13 | 13.1
Fighting       | 4 7 8 |  8.7
Conjurations   | 4 5 |  5.0
Stealth        | |  1.7

Action                     |  1- 3 |  4- 6 |  7- 9 | 10-12 | 13-15 | 16-18 || total
---------------------------+-------+-------+-------+-------+-------+-------++-------
  Melee: Rapier            |    12 |     9 |    19 |       |       |   170 ||   210
         Dagger            |     2 |     2 |       |       |       |       ||     4
         Whip              |       |       |    77 |    62 |   156 |    51 ||   346
         Punch             |       |       |     1 |       |       |       ||     1
  Throw: Dart              |       |       |       |     1 |       |       ||     1
   Cast: Freeze            |    67 |    71 |   114 |   179 |   249 |   169 ||   849
         Frozen Ramparts   |       |     9 |    26 |    47 |    89 |    14 ||   185
         Summon Ice Beast  |       |     2 |    27 |    57 |   158 |    84 ||   328
         Ozocubu's Armour  |       |     2 |     6 |    13 |     5 |     1 ||    27
         Call Canine Famil |       |       |       |    33 |   105 |    73 ||   211
         Ozocubu's Refrige |       |       |       |       |    71 |   124 ||   195
         Summon Hydra      |       |       |       |       |       |    96 ||    96
         Hailstorm         |       |       |       |       |       |    12 ||    12
         Summon Mana Viper |       |       |       |       |       |     4 ||     4
         Monstrous Menager |       |       |       |       |       |     2 ||     2
  Evoke: Wand              |     8 |     6 |    13 |    12 |    12 |    22 ||    73
    Use: Scroll            |     4 |     2 |     1 |    10 |    13 |    13 ||    43
         Potion            |       |       |       |     1 |     9 |     2 ||    12
   Stab: Sleeping          |     1 |     2 |     1 |       |       |       ||     4
         Distracted        |       |       |     4 |     1 |     2 |     4 ||    11
 Armour: Robe              |    23 |     9 |    38 |       |       |       ||    70
         Leather armour    |       |       |    15 |    72 |   188 |   196 ||   471
         Scale mail        |       |       |       |       |       |    20 ||    20
  Dodge: Dodged            |    53 |    43 |   140 |   104 |   342 |   362 ||  1044
  Block: Other             |       |       |    12 |       |       |       ||    12
         Buckler           |       |       |    18 |    96 |   149 |       ||   263
         Reflection        |       |       |       |     2 |     4 |    46 ||    52
         Kite shield       |       |       |       |       |    16 |   384 ||   400
